 Dungeon Crawl Stone Soup version 0.28-a0-21-gf74fda84f9 (webtiles) character file.

Game seed: 16339013399941960794

4 willcat the Sneak (level 1, 0/18 HPs)
             Began as a Human Delver on July 26, 2021.
             Slain by a kobold (2 damage)
             ... on level 8 of the Dungeon.
             The game lasted 00:01:35 (555 turns).

willcat the Sneak (Human Delver)                     Turns: 555, Time: 00:01:36

Health: 0/18       AC:  3    Str: 12    XL:     1   Next: 77%
Magic:  1/1        EV: 12    Int: 10    God:
Gold:   13         SH:  0    Dex: 14    Spells: 0/0 levels left

rFire   . . .      SeeInvis .   j - +0 war axe
rCold   . . .      Faith    .   (no shield)
rNeg    . . .      Spirit   .   e - +1 robe "Wedwycaw" {Slay+2}
rPois   .          Reflect  .   (no helmet)
rElec   .          Harm     .   (no cloak)
rCorr   .          Rampage  .   (no gloves)
Will    .....                   (no boots)
Stlth   +++.......              (no amulet)
HPRegen 0.06/turn               (no ring)
MPRegen 0.07/turn               (no ring)

@: slowed, very slow
A: no striking features
a: no special abilities


You were on level 8 of the Dungeon.
You visited 1 branch of the dungeon, and saw 4 of its levels.

You collected 13 gold pieces.

Inventory:

Hand Weapons
 j - a +0 war axe (weapon)
Armour
 a - a +0 leather armour
 e - the +1 robe "Wedwycaw" (worn) {Slay+2}
   (You found it on level 5 of the Dungeon)

   Slay:      It affects your accuracy & damage with ranged weapons and melee
   (+2).
Wands
 f - a wand of digging (3)
 k - a wand of iceblast (8)
Scrolls
 b - a scroll of fog
 c - a scroll of magic mapping
 g - a scroll of blinking {unknown}
Potions
 h - a potion of curing
 i - 2 potions of lignification {unknown}


   Skills:
 - Level 3.0 Fighting
 + Level 0.8 Axes
 - Level 2.0 Dodging
 - Level 5.1 Stealth
 - Level 2.0 Unarmed Combat


You couldn't memorise any spells.
You didn't know any spells.
Your spell library was empty.

Dungeon Overview and Level Annotations

Branches:
Dungeon (8/15)
 Temple: D:4-7         Lair: D:8-11

Altars:


Message History

You are more poisoned.
You have difficulty breathing.
Ouch! That really hurt!
* * * LOW HITPOINT WARNING * * *
You feel as though you will be slow longer.
A kobold comes into view. It is wielding a +0 dagger.
Unknown command.
It was a potion of curing.
You feel better.
Unknown command.
As you read the scroll of fear, it crumbles to dust.
You assume a fearsome visage.
The kobold brigand looks frightened!
The kobold brigand shouts!
The kobold looks frightened! x3; The kobold brigand looks frightened!
The kobold looks frightened! x4
A kobold comes into view. It is wielding a +0 short sword.
Unknown command.
Unknown command.
A kobold comes into view. It is wielding a +0 whip.
The kobold throws a stone.
The stone misses you.
The kobold attempts to regain its composure.
The kobold throws a stone.
The stone hits you but does no damage. The kobold hits you with a +0 whip. x2
The kobold hits you with a +0 short sword.
The kobold hits you with a +0 short sword.
* * * LOW HITPOINT WARNING * * *
The kobold hits you with a +0 whip.
* * * LOW HITPOINT WARNING * * *
Found a stone staircase leading up.
The kobold hits you with a +0 short sword.
* * * LOW HITPOINT WARNING * * *
The kobold closely misses you.
The kobold hits you with a +0 short sword.
* * * LOW HITPOINT WARNING * * *
The kobold throws a stone.
The stone misses you.
There is a stone staircase leading up here.
You slash the kobold!
You kill the kobold!
The kobold misses you.
The kobold hits you with a +0 short sword.
You die...

#..........
#....).....
#..........
#........>.
#..........
######.........
#..............
#.K............
#@)...........
#.......K.....
#.........#...
#.........##..
########### ##


You could see a kobold brigand and a kobold.

Vanquished Creatures
  2 orcs (D:7)
  2 kobolds (D:8)
4 creatures vanquished.

Notes
Turn   | Place    | Note
-------+----------+-------------------------------------------
     0 | D:5      | willcat the Human Delver began the quest for the Orb.
     0 | D:5      | Reached XP level 1. HP: 18/18 MP: 1/1
     1 | D:6      | Noticed a necrophage
     1 | D:6      | Noticed an orc wizard
    20 | D:5      | Noticed a phantom
    23 | D:5      | Noticed an ice beast
    70 | D:5      | Noticed a black bear
    78 | D:5      | Identified the +1 robe "Wedwycaw" {Slay+2}
   110 | D:6      | Noticed a jelly
   111 | D:6      | Noticed a necrophage
   112 | D:6      | Noticed an orc priest
   113 | D:6      | Noticed a scorpion
   113 | D:6      | Noticed a phantom
   122 | D:6      | Noticed a bullfrog
   391 | D:7      | Noticed an orc priest
   516 | D:7      | Noticed a centaur
   532 | D:8      | Noticed a kobold brigand
   540 | D:8      | Noticed a kobold brigand
   555 | D:8      | Slain by a kobold

Illustrated notes

Levels and vault maps discovered:
D:5:      layout_basic, minmay_temple_entry_fiery
D:6:      layout_cave_pools, nicolae_ossuary_entry_ruins
D:7:      layout_loops_ring
D:8:      layout_rooms, uniq_joseph

Action                   || total
-------------------------++-------
Melee: War axe           ||     7
       Unarmed           ||     3
  Use: Potion            ||     2
       Scroll            ||     1
Armor: Robe              ||     4
Dodge: Dodged            ||    16

Table legend: (Time is in decaauts)
 A = Elapsed time spent in this place.
 B = Non-inter-level travel time spent in this place.
 C = Inter-level travel time spent in this place.
 D = Time resting spent in this place.
 E = Time spent auto-exploring this place.
 F = Levels seen in this place.
 G = Mean time per level.
                   A        B        C        D        E       F      G
               +--------+--------+--------+--------+--------+-----+--------+
         Total |    547 |    547 |      0 |    170 |    127 |   4 |  136.8 |
       Dungeon |    547 |    547 |      0 |    170 |    127 |   4 |  136.8 |
               +--------+--------+--------+--------+--------+-----+--------+

Top non-repeatable levels by time:
     D:7: 398 daAuts
     D:5: 92 daAuts
     D:8: 36 daAuts
     D:6: 20 daAuts
